Map: Dusty Gorge

Players

Weon

  • Race: Zerg Zerg
  • Spawn Location: 11:00

Instinct

  • Race: Protoss Protoss
  • League: Master
  • Spawn Location: 9:00

Adversity

  • Race: Terran Terran
  • Spawn Location: 3:00

Business

  • Race: Protoss Protoss
  • League: Master
  • Spawn Location: 5:00

VOD

Have the link to the VOD?

Description

Time

  • Played on: July 16, 2018, 1 p.m.
  • Length: 9:20
Show
View Real Time Build Order
Export as new Build Order

Weon Zerg 

Build Orders: Hatch First 

Get SALT Encoding   

  12  0:01  Drone  
  13  0:13  Overlord  
  13  0:18  Drone  
  14  0:31  Drone x2  
  16  0:40  Drone  
  17  0:56  Hatchery  
  16  0:58  Drone  
  17  1:09  Extractor  
  16  1:13  Spawning Pool  
  16  1:16  Drone  
  16  1:20  Drone  
  16  1:23  Drone  
  18  1:28  Drone  
  19  1:39  Drone  
  20  1:49  Overlord  
  20  1:59  Queen  
  22  2:09  Metabolic Boost  
  22  2:10  Queen  
  22  2:12  Zergling x2  
  22  2:13  Zergling x2  
  26  2:16  Zergling x2  
  27  2:23  Overlord  
  27  2:34  Overlord  
  27  2:36  Zergling x4  
  29  2:41  Zergling x2  
  30  2:44  Zergling x2  
  31  2:54  Zergling x2  
  31  2:58  Zergling x2  
  33  3:02  Drone  
  34  3:13  Zergling x10  
  34  3:18  Drone  
  36  3:38  Zergling x8  
  36  3:39  Zergling x2  
  38  3:43  Overlord  
  38  3:49  Zergling x4  
  38  3:50  Zergling x4  
  38  3:51  Zergling x2  
  38  3:55  Evolution Chamber  
  42  3:56  Evolution Chamber  
  42  4:01  Zergling x4  
  43  4:04  Drone  
  43  4:08  Drone  
  38  4:25  Drone x5  
  38  4:26  Drone  
  38  4:30  Drone  
  45  4:38  Drone x3  
  47  4:44  Zerg Melee Weapons Level 1  
  47  4:51  Zerg Ground Armor Level 1  
  47  4:59  Lair  
  47  5:01  Spore Crawler  
  47  5:02  Drone  
  47  5:05  Zergling x2  
  47  5:06  Zergling x2  
  49  5:14  Drone x3  
  49  5:15  Drone  
  53  5:27  Drone, Overlord  
  53  5:28  Drone  
  55  5:36  Extractor  
  55  5:37  Extractor  
  53  5:45  Spore Crawler  
  53  5:46  Drone x4  
  53  5:48  Drone  
  57  5:50  Hatchery  
  57  5:51  Extractor  
  56  5:57  Drone x4  
  59  6:09  Drone, Hydralisk Den  
  59  6:13  Overlord  
  58  6:26  Overlord  
  58  6:32  Drone x3  
  61  6:41  Hydralisk x6  
  61  6:45  Overlord  
  72  7:02  Hydralisk x4  
  72  7:07  Hydralisk, Overlord  
  78  7:15  Overlord  
  75  7:18  Overlord, Queen  
  75  7:22  Spore Crawler, Drone  
  76  7:34  Overlord  
  76  7:36  Drone  
  77  7:37  Drone x4  
  77  7:40  Overlord  
  77  7:43  Grooved Spines  
  79  7:54  Drone x2  
  79  7:55  Drone  
  81  8:05  Hydralisk x3  
  83  8:07  Overlord  
  87  8:19  Infestation Pit  
  86  8:22  Hydralisk x4  
  86  8:24  Hydralisk  
  96  8:28  Drone x3  
  96  8:30  Drone  
  100  8:38  Zergling x2  
  100  8:40  Zergling x8  
  100  8:41  Baneling Nest, Zergling x2  
  105  8:42  Zergling x2  
  105  8:44  Zergling x2  
  105  8:47  Zergling x4  
  105  8:48  Zergling x2  
  110  8:50  Zergling x2  
  110  8:53  Zergling x4  
  113  9:02  Zergling x6  
  116  9:03  Zergling x4  
Show
View Real Time Build Order
Export as new Build Order

Instinct Protoss 

Build Orders: Oracle Opening, Phoenix Opening 

Get SALT Encoding   

  12  0:02  Probe  
  13  0:14  Probe  
  13  0:20  Pylon  
  14  0:25  Probe  
  15  0:34  Probe  
  15  0:42  Probe  
  16  0:43  Gateway  
  17  0:52  Assimilator  
  17  0:55  Assimilator  
  17  0:56  Probe  
  18  1:04  Probe  
  18  1:08  Pylon  
  19  1:12  Probe  
  20  1:24  Probe  
  21  1:33  Cybernetics Core  
  21  1:37  Probe  
  22  1:49  Probe  
  23  1:59  Stalker  
  23  2:09  Warp Gate  
  23  2:12  Stargate  
  25  2:16  Pylon  
  25  2:29  Stalker  
  25  2:37  Probe  
  26  2:47  Gateway  
  26  2:48  Gateway  
  26  2:52  Probe  
  29  2:59  Stalker  
  29  3:01  Oracle  
  32  3:38  Phoenix  
  34  3:43  Nexus  
  34  4:06  Phoenix  
  36  4:11  Pylon  
  36  4:16  Stalker  
  38  4:26  Probe  
  39  4:32  Phoenix  
  39  4:34  Probe  
  42  4:44  Probe  
  42  4:49  Stargate  
  42  4:50  Pylon  
  43  4:56  Probe x2  
  43  4:58  Phoenix  
  43  5:13  Probe  
  37  5:16  Probe  
  34  5:23  Probe  
  34  5:28  Probe  
  33  5:32  Probe  
  32  5:40  Probe  
  34  5:47  Probe  
  34  5:52  Probe  
  34  5:56  Probe  
  37  6:04  Probe x2  
  37  6:14  Probe  
  37  6:16  Probe  
  39  6:22  Phoenix  
  39  6:23  Probe  
  41  6:32  Phoenix  
  44  6:34  Probe  
  44  6:35  Probe  
  46  6:46  Probe  
  46  6:47  Probe  
  48  6:58  Probe  
  48  7:01  Phoenix x2  
  51  7:04  Probe  
  54  7:10  Probe  
  54  7:12  Probe  
  55  7:22  Probe  
  57  7:23  Probe  
  57  7:26  Phoenix  
  60  7:32  Assimilator  
  60  7:33  Assimilator  
  60  7:34  Probe  
  60  7:35  Probe  
  62  7:46  Probe  
  62  7:47  Probe  
  64  7:56  Pylon, Phoenix x2  
  64  7:57  Pylon  
  64  7:58  Probe  
  64  7:59  Probe  
  70  8:14  Probe x2  
  70  8:15  Phoenix  
  70  8:19  Stargate  
  72  8:20  Phoenix  
  72  8:26  Probe x2  
  78  8:38  Probe x2  
  78  8:40  Phoenix  
  82  8:43  Pylon  
  82  8:50  Probe x2  
  84  9:02  Probe  
  83  9:04  Probe  
Show
View Real Time Build Order
Export as new Build Order

Adversity Terran 

Build Orders:  

Get SALT Encoding   

  12  0:01  SCV  
  13  0:13  SCV  
  14  0:19  Supply Depot  
  14  0:25  SCV  
  15  0:30  Refinery  
  15  0:40  SCV  
  16  0:46  Barracks  
  16  0:53  SCV  
  17  1:05  SCV  
  18  1:17  SCV  
  19  1:23  Barracks  
  19  1:26  Barracks  
  19  1:34  Reaper  
  20  1:42  Orbital Command  
  20  1:59  Refinery, Supply Depot  
  20  2:07  Reaper  
  21  2:09  SCV  
  21  2:10  Reaper  
  23  2:20  Reaper  
  23  2:22  Supply Depot  
  24  2:39  Reaper  
  24  2:43  Reaper  
  24  2:44  SCV  
  27  2:54  Reaper  
  27  2:56  SCV  
  29  3:01  Command Center  
  29  3:13  Reaper  
  29  3:14  SCV  
  29  3:19  Reaper  
  32  3:32  Reaper  
  33  3:42  SCV  
  33  3:45  Barracks  
  33  3:46  Barracks  
  33  3:48  Engineering Bay, Barracks Tech Lab  
  34  3:49  Barracks Reactor  
  34  3:55  Barracks Tech Lab  
  34  3:57  SCV  
  35  4:07  Marine  
  36  4:26  Marine, Orbital Command  
  36  4:27  Marine x3, Stimpack  
  35  4:44  SCV  
  31  4:57  SCV  
  31  4:58  SCV  
  30  5:10  Marine x3  
  30  5:11  Marine  
  29  5:25  SCV  
  28  5:30  SCV  
  28  5:31  Marine x5  
  33  5:37  Marine, SCV  
  33  5:42  Missile Turret, SCV  
  36  5:49  SCV  
  37  5:52  Marine x4  
  37  5:53  Marine  
  37  5:55  SCV  
  43  6:02  SCV  
  43  6:03  Missile Turret  
  44  6:15  SCV x2  
  46  6:24  Marine x4  
  52  6:28  Factory  
  52  6:29  SCV  
  52  6:30  SCV  
  52  6:40  Marine x2  
  52  6:44  Engineering Bay  
  54  6:47  Supply Depot  
  54  7:12  Barracks Reactor x3  
  54  7:14  Marine x2  
  56  7:21  SCV  
  56  7:22  Starport  
  55  7:26  SCV  
  55  7:27  Factory Reactor  
  55  7:29  Marine  
  57  7:31  Marine x2  
  57  7:34  SCV  
  60  7:40  SCV  
  60  7:43  Supply Depot  
  61  7:46  SCV  
  61  7:49  Marine  
  61  7:50  Supply Depot  
  62  7:52  Supply Depot  
  62  7:53  Supply Depot  
  62  8:04  Marine x2, SCV  
  66  8:05  SCV  
  66  8:08  Medivac x2  
  70  8:13  Marine x6  
  70  8:14  Marine  
  70  8:16  SCV  
  70  8:17  SCV  
  70  8:18  Supply Depot  
  79  8:28  SCV  
  79  8:29  SCV  
  81  8:41  SCV  
  82  8:42  SCV  
  82  8:46  Marine  
  82  8:47  Marine x6  
  90  8:52  Supply Depot x2  
  90  8:53  Supply Depot, SCV  
  90  8:54  SCV  
  94  9:07  Refinery  
  94  9:09  Refinery  
Show
View Real Time Build Order
Export as new Build Order

Business Protoss 

Build Orders: Oracle Opening 

Get SALT Encoding   

  1  0:00  Probe  
  12  0:05  Probe  
  14  0:15  Probe  
  15  0:22  Pylon  
  15  0:30  Assimilator  
  15  0:44  Gateway  
  15  0:45  Probe  
  16  0:56  Probe  
  16  1:04  Probe  
  17  1:09  Assimilator  
  18  1:12  Probe  
  19  1:23  Probe  
  20  1:36  Probe, Cybernetics Core  
  21  1:48  Probe  
  22  1:59  Pylon  
  22  2:00  Probe  
  23  2:17  Adept, Probe, Stargate  
  26  2:34  Nexus  
  26  2:42  Warp Gate  
  26  2:44  Sentry  
  26  2:51  Oracle  
  31  3:13  Gateway  
  31  3:15  Pylon  
  31  3:33  Oracle, Probe  
  35  3:35  Robotics Facility  
  35  3:45  Probe  
  38  3:49  Probe  
  37  4:01  Probe  
  38  4:06  Oracle  
  38  4:10  Shield Battery  
  38  4:13  Probe  
  42  4:20  Assimilator  
  42  4:24  Assimilator  
  42  4:26  Probe  
  47  4:34  Stalker  
  47  4:38  Probe x2  
  50  4:42  Pylon  
  51  4:50  Probe x2  
  53  5:00  Stalker, Phoenix  
  53  5:05  Pylon x2  
  53  5:27  Phoenix  
  46  5:31  Immortal, Probe  
  53  5:35  Shield Battery  
  53  5:38  Shield Battery  
  53  5:43  Probe  
  53  5:44  Gateway  
  50  5:55  Probe  
  46  6:42  Immortal  
  47  7:03  Zealot x2  
  48  7:11  Immortal  
  48  7:19  Zealot  
  22  7:44  Zealot x3  
  22  7:50  Immortal  
  16  8:27  Sentry  
  16  8:29  Immortal  
Tags
 
Add a new tag
Caveats
  • Supply blocks, unpowered buildings, or Contaminate may cause inaccurate times.
  • Supply counts are checked every 10 seconds.